 Dungeon Crawl Stone Soup version 0.31.0-32-g396128a36d (webtiles) character file.

Game seed: 14699518190522967360

12019 gohu the Thaumaturge (level 12, 0/89 HPs)
             Began as a Djinni Fire Elementalist on Mar 8, 2024.
             Was a Believer of Makhleb.
             Slain by a skeletal warrior
             ... wielding a +0 scimitar
              (9 damage)
             ... on level 11 of the Dungeon.
             The game lasted 00:35:31 (11112 turns).

gohu the Thaumaturge (Djinni Fire Elementalist)    Turns: 11112, Time: 00:35:32

Health: 0/89       AC:  7    Str:  7    XL:     12   Next: 15%
Gold:   473        EV: 14    Int: 35    God:    Makhleb [**....] SH:  5 Dex: 16

rFire   + + +        G - +0 long sword "Jeweil" {flame, rElec Will+ Int+3}
rCold   x . .        j - +0 buckler
rNeg    . . .        J - +2 troll leather armour
rPois   ∞            t - +0 helmet of the Kraken {rF+ Slay+5}
rElec   +            (no cloak)
rCorr   .            (no gloves)
SInv    .            (boots unavailable)
Will    ++...        (no amulet)
Stlth   ++           m - +6 ring of intelligence
HPRegen 1.14/turn    d - +6 ring of intelligence
MPRegen 0.00/turn

%: infuse magic (-1 HP)
@: flying
A: sickness immunity, fire resistance 2, cold vulnerability 1, float, innate
caster, HP casting, extra vitality 1
a: Renounce Religion, Minor Destruction


You were on level 11 of the Dungeon.
You worshipped Makhleb.
Makhleb was pleased with you.
You visited 2 branches of the dungeon, and saw 12 of its levels.
You also visited: Bailey.

You collected 536 gold pieces.
You spent 63 gold pieces at shops.

Inventory:

Hand Weapons
 F - the +6 shillelagh "Devastator" {shatter}
   (You found it on level 9 of the Dungeon)
 G - the +0 long sword "Jeweil" (weapon) {flame, rElec Will+ Int+3}
   (You found it on level 9 of the Dungeon)

   Int+3:     It affects your intelligence (+3).
   rElec:     It insulates you from electricity.
   Will+:     It increases your willpower.
Missiles
 y - a throwing net
Armour
 a - a +0 robe
 j - a +0 buckler (worn)
 t - the +0 helmet of the Kraken (worn) {rF+ Slay+5}
   (You found it in a bailey)

   Slay+5:    It affects your accuracy & damage with ranged weapons and melee
   (+5).
   rF+:       It protects you from fire.
 v - a +2 leather armour of cold resistance
 A - +0 steam dragon scales
 D - the +1 plate armour "Tisorud" {Int+3}
   (You found it in a bailey)

   Int+3:     It affects your intelligence (+3).
 J - a +2 troll leather armour (worn)
Jewellery
 d - a +6 ring of intelligence (right hand)
 m - a +6 ring of intelligence (left hand)
 w - a ring of wizardry
 L - a +4 ring of slaying
Talismans
 C - the dragon-blood talisman of the Four Freezing Seas {rC+ Str+3}
   (You found it in a bailey)

   [dragon-blood talisman]

   Str+3:     It affects your strength (+3).
   rC+:       It protects you from cold.
Wands
 e - a wand of flame (3)
 r - a wand of roots (7)
 H - a wand of paralysis (5)
 K - a wand of light (3)
Scrolls
 b - 4 scrolls of fog
 c - 3 scrolls of immolation
 o - 3 scrolls of teleportation
 p - a scroll of brand weapon
 q - 3 scrolls of torment {unknown}
 s - a scroll of vulnerability
 x - 2 scrolls of noise
 E - a scroll of butterflies {unknown}
 I - a scroll of silence {unknown}
 N - a scroll of identify
Potions
 f - a potion of haste
 g - 3 potions of curing
 h - a potion of attraction
 i - a potion of brilliance
 k - a potion of berserk rage
 l - a potion of mutation
 n - a potion of invisibility {unknown}
 u - a potion of lignification {unknown}
 z - 2 potions of cancellation {unknown}
 B - a potion of degeneration
 M - a potion of magic {unknown}


   Skills:
 * Level 9.3 Fighting
 + Level 6.4 Armour
 + Level 7.5 Dodging
 - Level 1.5 Stealth
 - Level 5.0 Shields
 - Level 9.9 Spellcasting
 - Level 9.9 Conjurations
 - Level 9.9 Hexes
 - Level 9.9 Summonings
 - Level 9.9 Necromancy
 - Level 9.9 Translocations
 - Level 9.9 Fire Magic
 - Level 9.9 Ice Magic
 - Level 9.9 Air Magic
 - Level 9.9 Earth Magic
 - Level 9.9 Alchemy
 + Level 2.5 Invocations


You knew the following spells:

 Your Spells              Type           Power      Damage    Failure   Level
a - Foxfire               Conj/Fire      100%       2x1d9     1%          1
b - Scorch                Fire           100%       2d9       1%          2
c - Flame Wave            Conj/Fire      72%        2d16      1%          4
d - Mephitic Cloud        Conj/Alch/Air  72%        N/A       1%          3
e - Volatile Blastmotes   Fire/Tloc      100%       2d18      1%          3
f - Kiss of Death         Conj/Necr      100%       2d13      1%          1
g - Jinxbite              Hex            100%       N/A       1%          2
h - Inner Flame           Hex/Fire       72%        N/A       1%          3
i - Frozen Ramparts       Ice            100%       1d16      1%          3
j - Dispel Undead         Necr           72%        3d24      1%          4
Your spell library was empty.

Dungeon Overview and Level Annotations

Branches:
Dungeon (11/15)            Temple (1/1) D:6            Lair (0/5) D:11
 Bailey (visited)
    Orc: D:9-12

Altars:
Ashenzari
Cheibriados
Dithmenos
Elyvilon
Fedhas
Gozag
Hepliaklqana
Makhleb
Nemelex Xobeh
Okawaru
Qazlal
Ru
Trog
Uskayaw
Wu Jian
Xom
Yredelemnul
Zin
The Shining One

Shops:
D:1 [   D:4 :   D:7 :

Annotations:
D:2 1 runed translucent door, Crazy Yiuf


Innate Abilities, Weirdness & Mutations

You are immune to sickness and miasma.
You are immune to poison.
Your flesh is very heat resistant. (rF++)
You are vulnerable to cold. (rC-)
You float through the air rather than walking.
You learn spells naturally, not from books.
Your magical power is your life essence.
You have superior vitality. (+4 MHP)


Message History

You finish channelling waves of flame.
The skeletal warrior barely misses you.
Casting: Flame Wave (mildly dangerous; 1% risk of failure)
Confirm with . or Enter, or press ? or * to list all spells.
Casting: Flame Wave (mildly dangerous; 1% risk of failure)
Press: ? - help, Dir - look around, f - activate A wave of flame ripples out!
The flame wave engulfs the skeletal warrior.
The skeletal warrior is moderately damaged. (Press . to intensify the flame waves.)
The skeletal warrior hits you with a +0 scimitar.
A wave of flame ripples out!
The flame wave engulfs the skeletal warrior but does no damage.
The skeletal warrior is moderately damaged.
The skeletal warrior hits you with a +0 scimitar!
A wave of flame ripples out!
The flame wave engulfs the skeletal warrior.
The skeletal warrior is moderately damaged.
You finish channelling waves of flame.
The skeletal warrior closely misses you.
Casting: Flame Wave (mildly dangerous; 1% risk of failure)
Confirm with . or Enter, or press ? or * to list all spells.
Casting: Flame Wave (mildly dangerous; 1% risk of failure)
Press: ? - help, Dir - look around, f - activate A wave of flame ripples out!
The flame wave engulfs the skeletal warrior!
The skeletal warrior is heavily damaged. (Press . to intensify the flame waves.)
The skeletal warrior hits you with a +0 scimitar!!
A wave of flame ripples out!
The flame wave engulfs the skeletal warrior.
The skeletal warrior is heavily damaged.
The skeletal warrior hits you with a +0 scimitar!!
* * * LOW HITPOINT WARNING * * *
A wave of flame ripples out!
The flame wave engulfs the skeletal warrior.
The skeletal warrior is severely damaged.
* * * LOW HITPOINT WARNING * * *
You finish channelling waves of flame.
The skeletal warrior hits you with a +0 scimitar!
You die...

.###########
...z.......#
.########.## #z#
#.# #.#
##.###########
#..z@.)......#
#..########.## #..#
#.# #..# #.# #..#
#.# ###..# #.#
....# #.#
#.#####.#########.#
....>...........#.#


You could see a skeletal warrior.

Vanquished Creatures
  3 two-headed ogres (D:9)
  A skeletal warrior (D:11)
  2 orc knights (Bailey)
  A manticore (D:11)
  2 gargoyles
  An unseen horror (D:11)
  A troll (D:10)
  2 hornets (D:8)
  2 wyverns
  A wraith (D:10)
  18 yaks
  Eustachio (D:6)
  2 steam dragons
  Menkaure (D:4)
  Edmund (D:5)
  2 acid dragons
  2 black bears
  Duvessa (D:5)
  4 ice beasts
  2 sky beasts (D:6)
  6 orc warriors
  4 centaurs
  2 ogres
  A kobold brigand (D:9)
  3 phantoms
  A bullfrog (D:6)
  A scorpion (D:5)
  Dowan (D:5)
  2 howler monkeys
  A hound (D:5)
  2 jellies
  2 gnoll boudas
  3 orc priests
  A sleepcap (D:4)
  Jessica (D:2)
  Terence (D:2)
  4 orc wizards
  11 gnolls
  3 adders
  6 ufetubi
  A ribbon worm (D:5)
  A dart slug (D:1)
  47 orcs
  6 ball pythons
  7 bats
  An endoplasm (D:3)
  3 giant cockroaches
  5 goblins
  4 hobgoblins
  2 jackals (D:3)
  9 kobolds
  2 quokkas
  2 frilled lizards
  5 rats
201 creatures vanquished.

Vanquished Creatures (collateral kills)
  A foxfire (D:6)
1 creature vanquished.

Vanquished Creatures (others)
  439 foxfires
439 creatures vanquished.

Grand Total: 641 creatures vanquished

Notes
Turn   | Place    | Note
-------+----------+-------------------------------------------
     0 | D:1      | gohu the Djinni Fire Elementalist began the quest for the
                  | Orb.
     0 | D:1      | gohu set off with the following spells memorised: Foxfire,
                  | Scorch, Volatile Blastmotes, Inner Flame, Flame Wave.
     0 | D:1      | Reached XP level 1. HP: 15/15 MP: 0/0
   111 | D:1      | Reached XP level 2. HP: 18/21 MP: 0/0
   275 | D:1      | Found a faded altar of an unknown god.
   560 | D:1      | Found Uniyll's Armour Boutique.
   687 | D:2      | Noticed Jessica
   694 | D:2      | Killed Jessica
   695 | D:2      | Reached XP level 3. HP: 20/25 MP: 0/0
   695 | D:2      | Learned a level 1 spell: Kiss of Death
   794 | D:2      | Found a runed translucent door.
   795 | D:2      | Noticed Crazy Yiuf
   959 | D:1      | Bought a +0 buckler for 63 gold pieces
  1175 | D:2      | Noticed Terence
  1195 | D:2      | Killed Terence
  1196 | D:2      | Reached XP level 4. HP: 17/31 MP: 0/0
  1967 | D:3      | Reached XP level 5. HP: 35/36 MP: 0/0
  1967 | D:3      | Learned a level 2 spell: Jinxbite
  2097 | D:3      | Reached skill level 1 in Fighting
  2097 | D:3      | Reached skill level 1 in Shields
  2510 | D:4      | Found Tacis's Self-Published Books.
  2642 | D:4      | Noticed Menkaure
  2654 | D:4      | Killed Menkaure
  2655 | D:4      | Reached XP level 6. HP: 32/43 MP: 0/0
  2731 | D:4      | Reached skill level 5 in Spellcasting
  2731 | D:4      | Reached skill level 5 in Conjurations
  2731 | D:4      | Reached skill level 5 in Hexes
  2731 | D:4      | Reached skill level 5 in Summonings
  2731 | D:4      | Reached skill level 5 in Necromancy
  2731 | D:4      | Reached skill level 5 in Translocations
  2731 | D:4      | Reached skill level 5 in Fire Magic
  2731 | D:4      | Reached skill level 5 in Ice Magic
  2731 | D:4      | Reached skill level 5 in Air Magic
  2731 | D:4      | Reached skill level 5 in Earth Magic
  2731 | D:4      | Reached skill level 5 in Alchemy
  2825 | D:4      | Identified the +1 chain mail of the Known World {Harm rF-
                  | rC+}
  2979 | D:5      | Entered Level 5 of the Dungeon
  3005 | D:5      | Reached XP level 7. HP: 44/49 MP: 0/0
  3005 | D:5      | Learned a level 3 spell: Mephitic Cloud
  3137 | D:5      | Noticed Edmund
  3154 | D:5      | Killed Edmund
  3340 | D:5      | Reached XP level 8. HP: 48/56 MP: 0/0
  3632 | D:5      | Noticed Duvessa
  3645 | D:5      | Noticed Dowan
  3650 | D:5      | Killed Duvessa
  3659 | D:5      | Killed Dowan
  4532 | D:6      | Noticed Eustachio
  4682 | D:6      | Found a staircase to the Ecumenical Temple.
  4688 | Temple   | Entered the Ecumenical Temple
  4709 | Temple   | Became a worshipper of Makhleb the Destroyer
  4737 | D:6      | Reached XP level 9. HP: 58/64 MP: 0/0
  4737 | D:6      | Learned a level 3 spell: Frozen Ramparts
  4897 | D:6      | Found a bloodstained altar of Trog.
  4970 | D:6      | Reached skill level 5 in Fighting
  4970 | D:6      | Reached skill level 5 in Shields
  5349 | D:6      | Killed Eustachio
  6120 | D:7      | Reached skill level 1 in Armour
  6672 | D:7      | Reached * piety under Makhleb
  6703 | D:7      | Found Vatwo's Book Boutique.
  7179 | D:8      | Noticed a hornet
  7186 | D:8      | Reached XP level 10. HP: 66/72 MP: 0/0
  7522 | D:8      | Found a flagged portal.
  7550 | Bailey   | Entered a bailey
  7940 | Bailey   | Noticed an orc knight
  7940 | Bailey   | Noticed an orc knight
  7966 | Bailey   | Killed an orc knight
  7972 | Bailey   | Killed an orc knight
  7973 | Bailey   | Reached skill level 5 in Dodging
  8139 | Bailey   | Identified the dragon-blood talisman of the Four Freezing
                  | Seas {rC+ Str+3}
  8140 | Bailey   | Identified the +0 helmet of the Kraken {rF+ Slay+5}
  8142 | Bailey   | Identified the +1 plate armour "Tisorud" {Int+3}
  8593 | D:8      | Reached XP level 11. HP: 79/79 MP: 0/0
  8593 | D:8      | Learned a level 4 spell: Dispel Undead
  8804 | D:9      | Noticed a two-headed ogre
  8813 | D:8      | Reached ** piety under Makhleb
  8929 | D:9      | Noticed a two-headed ogre
  8942 | D:9      | Killed a two-headed ogre
  8970 | D:9      | Reached skill level 5 in Armour
  9292 | D:9      | Killed a two-headed ogre
  9349 | D:9      | Noticed a two-headed ogre
  9357 | D:9      | Killed a two-headed ogre
  9412 | D:9      | Found the +6 shillelagh "Devastator" {shatter}
  9455 | D:9      | Identified the +0 long sword "Jeweil" {flame, rElec Will+
                  | Int+3}
 10044 | D:10     | Entered Level 10 of the Dungeon
 10172 | D:10     | Reached skill level 1 in Invocations
 10894 | D:11     | Reached XP level 12. HP: 83/88 MP: 0/0
 10923 | D:11     | Found a staircase to the Lair.
 11077 | D:11     | Noticed a skeletal warrior
 11097 | D:11     | Killed a skeletal warrior
 11103 | D:11     | Noticed a skeletal warrior
 11112 | D:11     | Slain by a skeletal warrior

Illustrated notes

Levels and vault maps discovered:
D:1:      roderic_dead_forest, layout_basic,
          shapermc_ecumenical_altar_mp_ritualfount, serial_shops,
          nicolae_shop_rolling_square, hex_large
D:2:      layout_basic, uniq_terence, uniq_crazy_yiuf_cottage, uniq_jessica
D:3:      layout_basic
D:4:      layout_loops_ring, nicolae_custom_books, uniq_menkaure
D:5:      layout_basic, uniq_duvessa, uniq_edmund
D:6:      layout_loops_ring, gammafunk_temple_overflow_elements,
          minmay_temple_entry_gardened_gates, uniq_eustachio
D:7:      layout_loops_corners, serial_shops, nicolae_shop_rolling_square,
          serial_park_tiny_1
D:8:      layout_basic, enter_bailey_5
D:9:      layout_small_grid, dilly_guarded_unrand_devastator
D:10:     layout_irregular_city
D:11:     nicolae_cairo_tiling, layout_basic, uniq_erica
Temple:   nicolae_temple_slightly_damp_pantheon

Skill      XL: |  1  2  3  4  5  6  7  8  9 10 11 12 |
---------------+-------------------------------------+-----
Spellcasting   | 4 5 6 8 9 |  9.9
Conjurations   | 4 5 6 8 9 |  9.9
Hexes          | 4 5 6 8 9 |  9.9
Summonings     | 4 5 6 8 9 |  9.9
Necromancy     | 4 5 6 8 9 |  9.9
Translocations | 4 5 6 8 9 |  9.9
Fire Magic     | 4 5 6 8 9 |  9.9
Ice Magic      | 4 5 6 8 9 |  9.9
Air Magic      | 4 5 6 8 9 |  9.9
Earth Magic    | 4 5 6 8 9 |  9.9
Alchemy        | 4 5 6 8 9 |  9.9
Fighting       | 2 3 4 6 7 8 9 |  9.3
Shields        | 2 3 4 5 |  5.0
Armour         | 2 4 6 |  6.4
Dodging        | 3 5 7 |  7.5
Invocations    | 1 2 |  2.5
Stealth        | |  1.5

Action                     |  1- 3 |  4- 6 |  7- 9 | 10-12 || total
---------------------------+-------+-------+-------+-------++-------
   Cast: Foxfire           |    32 |    50 |    94 |    98 ||   274
         Scorch            |     9 |    19 |    53 |    78 ||   159
         Volatile Blastmot |       |     4 |    41 |    33 ||    78
         Mephitic Cloud    |       |       |    10 |    16 ||    26
         Flame Wave        |       |       |       |    25 ||    25
         Dispel Undead     |       |       |       |     2 ||     2
    Use: Scroll            |       |       |    11 |     5 ||    16
         Potion            |       |       |       |     3 ||     3
 Armour: Robe              |     6 |     5 |    22 |       ||    33
         Leather armour    |       |       |     4 |    35 ||    39
         Troll leather arm |       |       |       |    34 ||    34
  Dodge: Dodged            |    12 |     5 |    21 |    74 ||   112
  Block: Buckler           |       |     5 |     9 |    32 ||    46
